 Dungeon Crawl Stone Soup version 0.32-a0-312-g1d7162e (webtiles) character file.

Game seed: 1398181868968019195

131 jagoly the Ruffian (level 4, -1/35 HPs)
             Began as a Mummy Monk on Feb 15, 2024.
             Slain by a water moccasin (3 damage)
             ... on level 4 of the Dungeon.
             The game lasted 00:09:29 (2956 turns).

jagoly the Ruffian (Mummy Monk)                     Turns: 2956, Time: 00:09:29

Health: -1/35      AC:  7    Str: 16    XL:     4   Next: 91%
Magic:  0/4        EV: 11    Int:  9    God:
Gold:   154        SH:  0    Dex: 14    Spells: 3/3 levels left

rFire   x .          .
                       - Unarmed
rCold   + . .        b - orb {light}
rNeg    + + +        g - +0 ring mail
rPois   ∞            (no helmet)
rElec   .            k - +0 cloak
rCorr   .            t - +0 pair of gloves
SInv    .            (no boots)
Will    +....        i - amulet of guardian spirit
Stlth   +            m - ring of willpower
HPRegen 0.25/turn    (no ring)
MPRegen 0.09/turn

%: guardian spirit, faith
@: glowing
A: cold resistance 1, negative energy resistance 3, torment resistance 2, heat
vulnerability 1, in touch with death 1, no potions, faith
a: no special abilities


You were on level 4 of the Dungeon.
You visited 1 branch of the dungeon, and saw 4 of its levels.

You collected 154 gold pieces.

Inventory:

Hand Weapons
 h - a +0 sling
Missiles
 f - 26 stones (quivered)
Armour
 b - an orb of light (worn)
 g - a +0 ring mail (worn)
 k - a +0 cloak (worn)
 t - a +0 pair of gloves (worn)
Jewellery
 i - an amulet of guardian spirit (around neck)
 m - a ring of willpower (left hand)
Scrolls
 d - 4 scrolls of identify {unknown}
 e - 2 scrolls of enchant weapon {unknown}
 j - 3 scrolls of immolation {unknown}
 l - a scroll of fear {unknown}
 n - a scroll of noise {unknown}
 o - a scroll of enchant armour {unknown}
 p - a scroll of revelation {unknown}
 q - 2 scrolls of teleportation {unknown}
 r - a scroll of brand weapon {unknown}
 s - a scroll of fog {unknown}


   Skills:
 - Level 3.0 Fighting
 - Level 2.4 Dodging
 - Level 2.0 Stealth
 + Level 4.2 Unarmed Combat


You had 3 spell levels left.
You didn't know any spells.
Your spell library contained the following spells:

 Spells                   Type           Power      Damage    Failure   Level
 Call Canine Familiar     Summ           0%         N/A       93%         3
 Gell's Gravitas          Tloc           0%         N/A       93%         3
 Sigil of Binding         Hex            0%         N/A       93%         3
 Summon Ice Beast         Ice/Summ       0%         N/A       93%         3
 Teleport Other           Tloc           0%         N/A       93%         3
 Dimensional Bullseye     Hex/Tloc       0%         N/A       100%        4
 Summon Mana Viper        Hex/Summ       0%         N/A       100%        5
 Dispersal                Tloc           0%         N/A       100%        6
 Monstrous Menagerie      Summ           0%         N/A       100%        7


Dungeon Overview and Level Annotations

Branches:
Dungeon (4/15) Zot: 21046
 Temple: D:4-7

Altars:

Shops:
D:3 ![

Annotations:
D:2 Terence
D:4 Dowan, Duvessa


Innate Abilities, Weirdness & Mutations

You are immune to poison.
Your flesh is cold resistant. (rC+)
You are immune to negative energy. (rN+++)
You are immune to unholy pain and torment.
You are vulnerable to heat. (rF-)
You are in touch with the powers of death.
You do not drink.
You have a special connection with the divine. (Faith)


Message History

You climb downwards.
Found a scroll labelled ZOLACSINEI.
There is a stone staircase leading up here.
Found a stone staircase leading up.
Found an escape hatch in the ceiling.
d - 3 scrolls labelled ZOLACSINEI (gained 1)
Found a red potion.
Unknown command.
There is a stone staircase leading up here.
Okay, then.
You climb upwards.
Level annotation: Terence
There is a stone staircase leading down here.
You climb downwards.
There is a stone staircase leading up here.
Found a glowing dark potion.
There is a fountain of clear blue water here.
Found an escape hatch in the floor.
Found a flail.
Found two stone staircases leading down.
You now have 90 gold pieces (gained 13).
q - a scroll labelled EGIUMO HIFOM A bat comes into view.
A bat is nearby!
The bat barely misses you.
You hit the bat but do no damage. The bat barely misses you.
The bat barely misses you. The bat closely misses you.
You hit the bat.
The bat is severely wounded.
The bat hits you but does no damage.
You barely miss the bat.
The bat is severely wounded.
The bat hits you but does no damage. The bat hits you.
The bat closely misses you. The bat hits you but does no damage.
You barely miss the bat.
The bat is severely wounded.
The bat closely misses you. x2
You hit the bat.
You kill the bat!
No target in view!
No target in view!
You see here a bat corpse.
Found a falchion.
Magic restored.
Found a coppery potion.
You pick up a There-And-Back Book and begin reading...
You add the spells Gell's Gravitas, Teleport Other and Dispersal to your library.
r - a scroll labelled CINNOI XUPLI
s - a scroll labelled ZIEGEGRYMUST You open the door.
There is an open door here.
A goblin and an endoplasm come into view.
The goblin shouts!
The endoplasm quivers.
The endoplasm jiggles.
You hit the goblin.
The goblin is moderately wounded.
The goblin hits you but does no damage.
You hit the goblin.
The goblin is severely wounded.
The goblin barely misses you.
You closely miss the goblin.
The goblin is severely wounded.
The goblin barely misses you.
You barely miss the goblin.
The goblin is severely wounded.
The goblin hits you but does no damage.
You barely miss the goblin.
The goblin is severely wounded.
The goblin barely misses you.
You hit the goblin.
You kill the goblin!
You hit the endoplasm.
You kill the endoplasm!
No target in view!
No target in view!
You see here a +0 club.
d - 4 scrolls labelled ZOLACSINEI (gained 1)
Found a robe.
You see here a +0 robe.
You now have 102 gold pieces (gained 12).
Key pressed, stopping explore.
Search for what [? for help]? alta Unknown command.
A rat comes into view.
The rat squeaks loudly.
The rat closely misses you.
You hit the rat.
You kill the rat!
No target in view!
No target in view!
No target in view!
Found a stone staircase leading down.
There is a stone staircase leading down here.
Found Saxt's Distillery.
q - 2 scrolls labelled EGIUMO HIFOM (gained 1)
There is an entrance to Saxt's Distillery here.
You open the door.
There is an open door here.
You open the door.
There is an open door here.
You open the door.
There is an open door here.
Found an orcbow and a sedimented golden potion.
You see here a +0 orcbow.
Key pressed, stopping explore.
Unknown command.
There is a stone staircase leading down here.
Found Matof's Armour Boutique.
There is an entrance to Matof's Armour Boutique here.
There is a fountain of clear blue water here.
j - 3 scrolls labelled YNICZY WEGI (gained 1)
You see here a +2 whip of flaming.
Found a stone staircase leading up.
You are illuminated by a small divine halo.
You are glowing.
Your movement speed is average.
Your attack delay is about 0.9.
Your damage rating with unarmed combat is about 7 (Base [3 + 3 (UC)] x 115% (Str) x 105% (Fight)).
Unknown command.
There is a stone staircase leading down here.
An endoplasm comes into view.
The endoplasm quivers.
You hit the endoplasm.
The endoplasm is almost dead.
The endoplasm hits you but does no damage.
You punch the endoplasm!
You kill the endoplasm!
No target in view!
You see here a +0 club.
You open the door.
There is an open door here.
An endoplasm comes into view.
An endoplasm is nearby!
The endoplasm quivers.
You hit the endoplasm.
The endoplasm is lightly wounded.
The endoplasm hits you but does no damage.
You hit the endoplasm but do no damage.
The endoplasm hits you but does no damage.
You hit the endoplasm.
The endoplasm is severely wounded.
The endoplasm freezes you.
You are frozen.
You resist.
You hit the endoplasm.
You kill the endoplasm!
No target in view!
No target in view!
HP restored.
You now have 110 gold pieces (gained 8).
You open the door.
There is an open door here.
There is an open door here.
Found a pair of gloves.
You see here a +0 pair of gloves.
Key pressed, stopping explore.
Unknown command.
You see here a +0 pair of gloves.
You start putting on your armour.
You continue putting on your +0 pair of gloves. x4
You finish putting on your +0 pair of gloves.
You drop a +0 robe.
You drop a +0 leather armour.
A frilled lizard comes into view.
The frilled lizard hisses angrily.
The frilled lizard bites you but does no damage.
You hit the frilled lizard.
You kill the frilled lizard!
No target in view!
Done exploring.
Done exploring.
Things that are here:
a +0 leather armour; a +0 robe You see here a +0 club.
There is an open door here.
There is a stone staircase leading down here.
You climb downwards.
The gnoll shouts!
You hear a shout! x3
There is a stone staircase leading up here.
A gnoll comes into view. It is wielding a +0 halberd.
You hear a shout!
A gnoll comes into view. It is wielding a +0 club.
There is a stone staircase leading up here.
The gnoll misses you.
You climb upwards.
There is a stone staircase leading down here.
You hit the gnoll.
The gnoll is lightly wounded.
The gnoll hits you with a +0 club.
You hit the gnoll.
The gnoll is moderately wounded.
The gnoll hits you with a +0 club.
You hit the gnoll.
The gnoll is severely wounded.
The gnoll misses you.
You hit the gnoll but do no damage.
The gnoll is severely wounded.
The gnoll hits you with a +0 club.
You hit the gnoll but do no damage.
The gnoll is severely wounded.
The gnoll barely misses you.
You hit the gnoll.
You kill the gnoll!
No target in view!
Magic restored.
There is a stone staircase leading down here.
You start resting.
HP restored.
You start resting.
HP restored.
You climb downwards.
Found a robe.
There is a stone staircase leading up here.
A giant cockroach comes into view.
A goblin and an orc come into view.
The giant cockroach barely misses you.
You hit the giant cockroach.
You kill the giant cockroach!
The orc cheers noisily.
The orc hits you with a +0 mace.
You punch the orc!
You kill the orc!
You punch the goblin!
You kill the goblin!
No target in view!
No target in view!
HP restored.
An adder comes into view.
Found a stone staircase leading up.
The adder hisses angrily.
Things that are here:
a +0 club; a +0 mace You closely miss the adder.
The adder bites you but does no damage.
You barely miss the adder. The adder bites you.
You hit the adder.
The adder is moderately wounded.
The adder barely misses you. The adder bites you.
You hit the adder.
The adder is heavily wounded.
The adder barely misses you.
You closely miss the adder.
The adder is heavily wounded.
The adder bites you but does no damage.
You closely miss the adder.
The adder is heavily wounded.
The adder bites you but does no damage.
You hit the adder.
The adder is severely wounded.
The adder bites you but does no damage. The adder closely misses you.
You hit the adder.
You kill the adder!
Your Unarmed Combat skill increases to level 4!
No target in view!
No target in view!
Found a falchion.
Unknown command.
A kobold comes into view. It is wielding a +0 club.
The kobold shouts!
You hear a shout!
A jackal comes into view. x2
Things that are here:
a +0 club; a +0 mace A jackal comes into view.
The jackal barks!
The jackal barks!
A jackal comes into view.
The jackal barks!
You hit the jackal.
You kill the jackal!
You hit the kobold.
You kill the kobold!
A kobold comes into view. It is wielding a +0 dagger.
The kobold shouts!
The jackal bites you but does no damage. x3
Items here: ))) †.
You hit the jackal but do no damage. The jackal barely misses you. x2
The jackal attacks as it pursues you!
The jackal bites you but does no damage.
You hit the jackal but do no damage. The jackal barely misses you.
The jackal closely misses you.
You closely miss the jackal. The jackal barely misses you.
You hit the jackal.
The jackal is moderately wounded.
The jackal bites you.
You hit the jackal.
The jackal is almost dead.
The jackal bites you but does no damage.
The jackal closely misses you.
You hit the jackal.
You kill the jackal!
You hit the jackal but do no damage.
The jackal bites you but does no damage.
You barely miss the jackal. The jackal bites you. The jackal barely misses you.
You hit the jackal.
The jackal is almost dead.
The jackal bites you but does no damage.
You punch the jackal!
You kill the jackal!
You hit the jackal.
You kill the jackal!
You hit the kobold but do no damage. The kobold hits you with a +0 dagger.
You hit the kobold.
The kobold is moderately wounded.
The kobold hits you with a +0 dagger.
You closely miss the kobold.
The kobold is moderately wounded.
The kobold hits you but does no damage.
You hit the kobold but do no damage.
The kobold is moderately wounded.
The kobold barely misses you.
You hit the kobold.
You kill the kobold!
No target in view!
No target in view!
No target in view!
No target in view!
Items here: )))) †.
Okay, then.
You see here an adder corpse.
Found a sapphire potion.
You now have 125 gold pieces (gained 15).
Found an amethyst potion.
You now have 138 gold pieces (gained 13).
You pick up a book of the Hunter and begin reading...
You add the spells Sigil of Binding, Call Canine Familiar and Dimensional Bullseye to your library.
f - 26 stones (gained 4)
A giant cockroach comes into view.
Found a black potion.
A giant cockroach is nearby!
Found a dagger.
You barely miss the giant cockroach.
The giant cockroach bites you but does no damage.
You barely miss the giant cockroach. The giant cockroach closely misses you.
You hit the giant cockroach.
The giant cockroach is heavily wounded.
The giant cockroach closely misses you.
The giant cockroach bites you but does no damage.
You hit the giant cockroach but do no damage.
The giant cockroach is moderately wounded.
The giant cockroach closely misses you.
You hit the giant cockroach.
The giant cockroach is severely wounded.
The giant cockroach barely misses you.
You hit the giant cockroach but do no damage.
The giant cockroach is severely wounded.
The giant cockroach closely misses you.
You hit the giant cockroach but do no damage.
The giant cockroach is severely wounded.
The giant cockroach misses you.
You hit the giant cockroach.
You kill the giant cockroach!
No target in view!
e - 2 scrolls labelled VES FIRUIN (gained 1)
A hobgoblin comes into view.
A hobgoblin is nearby!
The hobgoblin hits you but does no damage.
You hit the hobgoblin.
The hobgoblin is almost dead.
The hobgoblin barely misses you.
You hit the hobgoblin but do no damage.
The hobgoblin is almost dead.
The hobgoblin hits you but does no damage.
You hit the hobgoblin.
You kill the hobgoblin!
No target in view!
A bombardier beetle comes into view.
You aren't carrying any items that you can evoke.
Okay, then.
A giant cockroach comes into view.
The giant cockroach closely misses you.
The giant cockroach completely misses you.
The giant cockroach bites you but does no damage.
The giant cockroach attacks as it pursues you!
The giant cockroach closely misses you. The giant cockroach barely misses you.
The giant cockroach barely misses you.
There is a stone staircase leading up here.
You hit the giant cockroach.
You kill the giant cockroach!
You climb upwards.
There is a stone staircase leading down here.
There is an open door here.
There is a stone staircase leading down here.
You climb downwards.
Dowan shouts!
Duvessa, Sister of Dowan comes into view.
She is wielding a +0 short sword.
Dowan casts a spell at you. The puff of frost hits you. You resist.
There is a stone staircase leading up here.
HP restored.
Dowan gestures at you while chanting. The puff of flame hits you!
The fire burns you terribly!
You climb upwards.
There is a stone staircase leading down here.
There is a stone staircase leading down here.
You start resting.
Magic restored.
HP restored.
You start resting.
HP restored.
You climb downwards.
Level annotation: Dowan, Duvessa
There is a stone staircase leading up here.
Found a leather armour.
Found 16 gold pieces.
Press: ? - help, v - describe, . - travel
Here: a bombardier beetle The floor.
You are illuminated by a small divine halo.
You are glowing.
Your movement speed is average.
Your attack delay is about 0.9.
Your damage rating with unarmed combat is about 8 (Base [3 + 4 (UC)] x 115% (Str) x 105% (Fight)).
Unknown command.
You aren't carrying any items that you can evoke.
Okay, then.
A giant cockroach comes into view.
Found 9 gold pieces.
Found a stone staircase leading down.
You hit the giant cockroach.
The giant cockroach is severely wounded.
The giant cockroach bites you but does no damage.
You hit the giant cockroach.
The giant cockroach is severely wounded.
The giant cockroach bites you but does no damage.
You hit the giant cockroach.
You kill the giant cockroach!
A water moccasin comes into view.
The water moccasin hisses angrily.
You see here 16 gold pieces.
You now have 154 gold pieces (gained 16).
The water moccasin bites you but does no damage.
The water moccasin misses you.
A sleepcap comes into view.
Found a scroll labelled ZOLACSINEI.
The water moccasin bites you.
Press: ? - help, v - describe, . - travel The floor.
This square is lit by a halo.
Found a beast talisman.
The water moccasin bites you but does no damage.
The water moccasin bites you. The water moccasin bites you.
The water moccasin attacks as it pursues you!
The water moccasin closely misses you.
The bombardier beetle sprays incendiary fluid at you.
The burning spray hits you.
You are covered in liquid fire!
You shake off some of the fire as you move.
The liquid fire burns you!
The water moccasin attacks as it pursues you!
The water moccasin bites you but does no damage.
The water moccasin bites you!
You shake off some of the fire as you move.
The liquid fire burns you!
* * * LOW HITPOINT WARNING * * *
The water moccasin attacks as it pursues you!
The water moccasin barely misses you.
You shake off the liquid fire.
The water moccasin bites you.
* * * LOW HITPOINT WARNING * * *
You aren't carrying any items that you can evoke.
Okay, then.
You can't drink.
You are too injured to fight recklessly!
You are too injured to fight recklessly!
Attack: -) Nothing wielded
Press: ? - help, Dir - move target, f - water moccasin
Aim: a water moccasin (haloed, about 34% to evade your hands)
You barely miss the water moccasin.
The water moccasin bites you but does no damage.
Attack: -) Nothing wielded
Press: ? - help, Dir - move target, f/p - water moccasin
Aim: a water moccasin (haloed, about 34% to evade your hands)
You barely miss the water moccasin. The water moccasin closely misses you.
Attack: -) Nothing wielded
Press: ? - help, Dir - move target, f/p - water moccasin
Aim: a water moccasin (haloed, about 34% to evade your hands)
You hit the water moccasin.
The water moccasin is lightly wounded.
The water moccasin bites you!
* * * LOW HITPOINT WARNING * * *
Attack: -) Nothing wielded
Press: ? - help, Dir - move target, f/p - water moccasin
Aim: a water moccasin (lightly wounded, haloed, about 34% to evade your hands)
You closely miss the water moccasin.
The water moccasin is lightly wounded.
The water moccasin bites you but does no damage.
The water moccasin bites you.
* * * LOW HITPOINT WARNING * * *
Attack: -) Nothing wielded
Press: ? - help, Dir - move target, f/p - water moccasin
Aim: a water moccasin (lightly wounded, haloed, about 34% to evade your hands)
You hit the water moccasin.
The water moccasin is lightly wounded.
The water moccasin bites you.
* * * LOW HITPOINT WARNING * * *
Attack: -) Nothing wielded
Press: ? - help, Dir - move target, f/p - water moccasin
Aim: a water moccasin (lightly wounded, haloed, about 34% to evade your hands)
You hit the water moccasin.
The water moccasin is moderately wounded.
The water moccasin bites you.
You die...

#.# #### #.# #...
#######.##.### #.##
#.@.....##[..###.#
#S########....##.#
#########f#[..........##.##
#........B#.##........##.##
#....................<...##
#....$.......B....#########
######..............## #
#...###########..!######
#...# #..#.....


You could see a water moccasin, a sleepcap and a bombardier beetle.

Vanquished Creatures
  A gnoll (D:3)
  An adder (D:4)
  3 dart slugs (D:1)
  An orc (D:4)
  2 ball pythons
  5 bats
  7 endoplasms
  5 giant cockroaches
  2 goblins
  6 hobgoblins
  13 jackals
  4 kobolds
  A quokka (D:2)
  2 frilled lizards
  3 rats
56 creatures vanquished.

Notes
Turn   | Place    | Note
-------+----------+-------------------------------------------
     0 | D:1      | jagoly the Mummy Monk began the quest for the Orb.
     0 | D:1      | Reached XP level 1. HP: 18/18 MP: 1/1
   146 | D:1      | Reached skill level 1 in Stealth
   191 | D:1      | Reached XP level 2. HP: 24/24 MP: 2/2
   516 | D:1      | Reached XP level 3. HP: 28/29 MP: 3/3
   637 | D:1      | Reached skill level 3 in Unarmed Combat
  1340 | D:2      | Noticed Terence
  1580 | D:2      | Reached XP level 4. HP: 34/35 MP: 4/4
  1671 | D:2      | Found a faded altar of an unknown god.
  1948 | D:3      | Found Saxt's Distillery.
  2125 | D:3      | Found Matof's Armour Boutique.
  2662 | D:4      | Reached skill level 4 in Unarmed Combat
  2879 | D:4      | Noticed Dowan
  2879 | D:4      | Noticed Duvessa
  2940 | D:4      | Noticed a water moccasin
  2955 | D:4      | HP: 1/35 [water moccasin (1)]
  2956 | D:4      | Slain by a water moccasin

Illustrated notes

Levels and vault maps discovered:
D:1:      amcnicky_arrival_flooded_fountain, layout_basic, serial_bayou,
          serial_bayou_pond_a, serial_bayou_shore_b, serial_bayou_pond_a,
          serial_bayou_pond_c, nicolae_the_louvre
D:2:      layout_basic, shapermc_ecumenical_altar_notcrosses, uniq_terence
D:3:      layout_basic, serial_shops, shop_fountains, shop,
          nicolae_elevator_lobby_plus
D:4:      layout_basic, minmay_small_thing, uniq_duvessa

Skill      XL: |  1  2  3  4 |
---------------+-------------+-----
Stealth        | 1 2 |  2.0
Unarmed Combat | 3 4 |  4.2
Fighting       | |  3.0
Dodging        | |  2.4

Action                     |  1- 3 |  4- 6 || total
---------------------------+-------+-------++-------
  Melee: Unarmed           |   112 |    82 ||   194
 Armour: Leather armour    |    13 |       ||    13
         Robe              |     1 |       ||     1
         Ring mail         |    44 |    56 ||   100
  Dodge: Dodged            |    60 |    43 ||   103

Table legend: (Time is in decaauts)
 A = Elapsed time spent in this place.
 B = Non-inter-level travel time spent in this place.
 C = Inter-level travel time spent in this place.
 D = Time resting spent in this place.
 E = Time spent auto-exploring this place.
 F = Levels seen in this place.
 G = Mean time per level.
                   A        B        C        D        E       F      G
               +--------+--------+--------+--------+--------+-----+--------+
         Total |   2952 |   2726 |    226 |    118 |   1927 |   4 |  738.0 |
       Dungeon |   2952 |   2726 |    226 |    118 |   1927 |   4 |  738.0 |
               +--------+--------+--------+--------+--------+-----+--------+

Top non-repeatable levels by time:
     D:3: 1040 daAuts
     D:1: 985 daAuts
     D:2: 704 daAuts
     D:4: 222 daAuts
